Oilers vs Canadiens

Created - 7 avril 2019 at 20:29

Goals
1 2 3 T
Oilers 1 0 1 2
Canadiens 2 0 2 4
Shots
1 2 3 T
Oilers 12 11 9 32
Canadiens 13 13 7 33

1st period

1. Canadiens , Justin Abdelkader 10 (Cam Fowler 37, Artturi Lehkonen 7) at 10:29
2. Oilers , Adam Lowry 17 (Jean-Gabriel Pageau 18) at 10:33
3. Canadiens , John Tavares 24 (Cam Fowler 38, Jordan Eberle 28) at 19:00

Penalties :
Justin Braun (EDM) for Hooking (Minor) at 7:22, John Tavares (MTL) for Tripping (Minor) at 12:14

2nd period

No Goal

Penalties :
Ryan Getzlaf (EDM) for Tripping (Minor) at 4:16, Alexander Edler (MTL) for Hooking (Minor) at 8:16, Ivan Provorov (MTL) for Holding (Minor) at 12:41

3rd period

4. Canadiens , Jakob Silfverberg 23 (Teuvo Teravainen 18, Ivan Provorov 45) at 0:19
5. Oilers , Jason Zucker 19 (Ryan Johansen 28, Brent Burns 47) at 12:29
6. Canadiens , Artturi Lehkonen 6 (Cam Fowler 39, Justin Abdelkader 13) at 14:43

Penalties :
Justin Abdelkader (MTL) for Holding (Minor) at 3:40, Josh Morrissey (MTL) for Roughing (Minor) at 17:44

Goalie Stats

Antti Raanta (EDM), 29 saves from 33 shots - (0.879), L, 36-22-6, 60:00 minutes
Tuukka Rask (MTL), 30 saves from 32 shots - (0.938), W, 41-18-6, 60:00 minutes

Players Stats for Oilers

Player Name              G  A  P  +/- PIM S  H  SB GA TA FO     MP     PP MP  PK MP  
------------------------------------------------------------------------------------
Adam Lowry               1  0  1   1  0   4  0  0  0  0  0/0    13:56   4:55   0:00 
Alexander Kerfoot        0  0  0  -1  0   2  0  0  0  0  0/0     9:54   0:00   0:26 
Andreas Athanasiou       0  0  0   1  0   0  0  0  0  0  0/0     9:01   0:00   0:00 
Brent Burns              0  1  1   0  0   0  3  0  0  0  0/0    22:25   5:24   1:36 
Dominic Moore            0  0  0  -1  0   3  0  0  0  0  5/14   10:54   0:00   1:26 
Evgeny Dadonov           0  0  0  -2  0   4  0  0  0  0  2/2    18:10   4:36   0:00 
Jack Johnson             0  0  0  -3  0   1  3  2  0  0  0/0    21:44   4:16   2:22 
Jacob Trouba             0  0  0   0  0   1  0  3  0  0  0/0    22:25   5:24   1:36 
Jason Zucker             1  0  1   0  0   5  2  0  0  0  0/0    20:41   4:45   1:52 
Jean-Gabriel Pageau      0  1  1   1  0   1  1  0  0  0  13/20  12:05   0:58   2:06 
Justin Braun             0  0  0  -3  2   1  0  1  0  0  0/0    20:31   4:16   1:10 
Marc Methot              0  0  0   1  0   1  2  0  0  0  0/0    16:05   0:15   0:14 
Mark Pysyk               0  0  0   1  0   0  0  0  0  0  0/0    16:49   0:15   0:58 
Matthew Nieto            0  0  0  -2  0   2  0  0  0  0  1/2    13:34   0:00   0:00 
Pavel Buchnevich         0  0  0  -1  0   2  2  0  0  0  0/0     9:28   0:00   0:00 
Reilly Smith             0  0  0   0  0   3  0  0  0  0  0/0    18:40   4:36   0:00 
Ryan Getzlaf             0  0  0  -2  2   1  3  0  0  0  9/23   18:52   5:19   0:00 
Ryan Johansen            0  1  1   0  0   1  0  0  0  0  16/26  20:46   4:36   2:06 

Players Stats for Canadiens

Player Name              G  A  P  +/- PIM S  H  SB GA TA FO     MP     PP MP  PK MP  
------------------------------------------------------------------------------------
Alexander Edler          0  0  0   3  2   2  4  1  0  0  0/0    23:07   1:56   4:15 
Artturi Lehkonen         1  1  2   2  0   4  0  0  0  0  0/0    10:14   0:00   0:09 
Auston Matthews          0  0  0   0  0   6  0  0  0  0  15/25  17:59   1:56   0:00 
Brian Gibbons            0  0  0   0  0   0  0  0  0  0  0/1     9:28   0:00   5:17 
Cam Fowler               0  3  3   3  0   0  0  0  0  0  0/0    23:21   2:02   4:53 
Ivan Provorov            0  1  1  -1  2   0  1  3  0  0  0/0    23:35   2:02   4:43 
Jakob Silfverberg        1  0  1   0  0   3  2  1  0  0  1/3    19:15   1:56   1:16 
John Tavares             1  0  1   0  2   5  2  2  0  0  12/25  17:49   2:02   0:00 
Jordan Eberle            0  1  1   0  0   0  1  0  0  0  0/0    17:50   2:02   0:00 
Josh Morrissey           0  0  0   0  2   1  0  0  0  0  0/0    12:57   0:00   0:08 
Justin Abdelkader        1  1  2   2  2   1  1  0  0  0  0/0    10:04   0:00   0:00 
Marcus Johansson         0  0  0   0  0   6  0  0  0  0  0/2    17:50   2:02   0:00 
Matt Calvert             0  0  0   0  0   2  1  0  0  0  0/1     8:40   0:00   4:29 
Michael Stone            0  0  0   0  0   1  1  0  0  0  0/0    14:21   0:00   1:31 
Nick Shore               0  0  0   2  0   1  0  0  0  0  8/17   14:15   0:00   4:10 
Ron Hainsey              0  0  0  -1  0   0  2  0  0  0  0/0    22:36   1:56   4:20 
Teuvo Teravainen         0  1  1   0  0   1  1  0  0  0  0/1    17:59   1:56   0:00 
Zack Smith               0  0  0   0  0   0  0  0  0  0  5/12    8:40   0:00   4:29 

3 Stars

1 - Cam Fowler (MTL)
2 - Artturi Lehkonen (MTL)
3 - Justin Abdelkader (MTL)

Power Play

Oilers - 0 on 5 Attempt(s) - 0.00%
Canadiens - 0 on 2 Attempt(s) - 0.00%

Penalty Kill

Oilers - 2 on 2 Attempt(s) - 100.00% - Score 0 goal in Penalty Kill
Canadiens - 5 on 5 Attempt(s) - 100.00% - Score 0 goal in Penalty Kill

Team Stat

Oilers - Hits : 16 - Faceoff Wins : 46 - Blocked Shots : 6 - Penalty Minutes : 4
Canadiens - Hits : 16 - Faceoff Wins : 41 - Blocked Shots : 7 - Penalty Minutes : 10

Official

Referees : Dennis LaRue and Kevin Pollock
Linesman : Kiel Murchison and Derek Nansen

Game Notes

No Game Note

Finance

Level 1 -- Attendance: 6392 (98.34%) -- Ticket Income 703 120 $
Level 2 -- Attendance: 4708 (94.16%) -- Ticket Income 353 100 $
Level 3 -- Attendance: 3410 (97.43%) -- Ticket Income 187 550 $
Level 4 -- Attendance: 2535 (47.95%) -- Ticket Income 76 050 $
Luxury Box -- Attendance: 960 (96.00%) -- Ticket Income 191 040 $
Game was played at the Bell Centre.
Total Attendance: 18005 (84.58%)
Total Ticket Income: 1 510 860 $
Other Income: 740 321 $
Total Income: 2 251 181 $

% Time on Ice - Oilers

Lines # - Real PCT - Wanted PCT - Time Play
Normal Forward
1 - 29% - 30% - 13:34
2 - 31% - 30% - 14:04
3 - 20% - 20% - 9:01
4 - 21% - 20% - 9:28
Normal Defense
1 - 33% - 34% - 15:25
2 - 33% - 33% - 15:06
3 - 34% - 33% - 15:36
4 - 0% - 0% - 0:00
PP Forward
1 - 54% - 50% - 5:19
2 - 46% - 50% - 4:36
PP Defense
1 - 54% - 60% - 5:24
2 - 46% - 40% - 4:31
PK Forward
1 - 53% - 50% - 2:06
2 - 47% - 50% - 1:52
PK Defense
1 - 40% - 50% - 1:36
2 - 60% - 50% - 2:22
PK3 Forward
1 - 0% - 50%
2 - 0% - 50%
PK3 Defense
1 - 0% - 50%
2 - 0% - 50%
44 Forward
1 - 0% - 50%
2 - 0% - 50%
44 Defense
1 - 0% - 50%
2 - 0% - 50%
Last Minute Offensive  - 0:00
Last Minute Defensive  - 0:00
Total
Forward - 60:00
Defense - 60:00

% Time on Ice - Canadiens

Lines # - Real PCT - Wanted PCT - Time Play
Normal Forward
1 - 34% - 35% - 15:48
2 - 35% - 35% - 16:03
3 - 22% - 20% - 10:05
4 - 9% - 10% - 4:11
Normal Defense
1 - 36% - 35% - 16:26
2 - 35% - 35% - 16:20
3 - 28% - 25% - 12:50
4 - 1% - 5% - 0:31
PP Forward
1 - 51% - 65% - 2:02
2 - 49% - 35% - 1:56
PP Defense
1 - 51% - 50% - 2:02
2 - 49% - 50% - 1:56
PK Forward
1 - 55% - 55% - 5:26
2 - 45% - 45% - 4:29
PK Defense
1 - 49% - 55% - 4:54
2 - 51% - 45% - 5:01
PK3 Forward
1 - 0% - 60%
2 - 0% - 40%
PK3 Defense
1 - 0% - 55%
2 - 0% - 45%
44 Forward
1 - 0% - 50%
2 - 0% - 50%
44 Defense
1 - 0% - 50%
2 - 0% - 50%
Last Minute Offensive  - 0:00
Last Minute Defensive  - 0:00
Total
Forward - 60:00
Defense - 60:00

Play-by-Play

1st period


0:01 of 1st period - John Tavares wins face-off versus Ryan Getzlaf in neutral zone.
0:16 of 1st period - Shot by Ryan Getzlaf.
0:16 of 1st period - Shot Misses the Net.
0:24 of 1st period - Shot by Evgeny Dadonov.
0:24 of 1st period - Deflect By Ryan Getzlaf.
0:24 of 1st period - Stopped by Tuukka Rask without a rebound.
0:25 of 1st period - Ryan Johansen wins face-off versus Auston Matthews in Canadiens zone.
0:44 of 1st period - Shot by Auston Matthews.
0:44 of 1st period - Stopped by Antti Raanta without a rebound.
0:45 of 1st period - Nick Shore wins face-off versus Jean-Gabriel Pageau in Oilers zone.
0:45 of 1st period - Nick Shore is hit by Marc Methot.
2:13 of 1st period - Shot by Alexander Kerfoot.
2:13 of 1st period - Shot Blocked by Ivan Provorov.
2:25 of 1st period - Shot by Jakob Silfverberg.
2:25 of 1st period - Shot Misses the Net.
2:48 of 1st period - Ryan Johansen is hit by Ivan Provorov and loses puck.
3:21 of 1st period - Shot by Evgeny Dadonov.
3:21 of 1st period - Shot Misses the Net.
3:31 of 1st period - Marc Methot is hit by John Tavares and loses puck.
3:38 of 1st period - Shot by John Tavares.
3:38 of 1st period - Shot Misses the Net.
3:42 of 1st period - Shot by Marcus Johansson.
3:42 of 1st period - Stopped by Antti Raanta without a rebound.
3:43 of 1st period - Jean-Gabriel Pageau wins face-off versus Zack Smith in Oilers zone.
3:43 of 1st period - Jean-Gabriel Pageau is hit by Matt Calvert.
3:53 of 1st period - Shot by Andreas Athanasiou.
3:53 of 1st period - Shot Misses the Net.
3:55 of 1st period - Shot by Jack Johnson.
3:55 of 1st period - Stopped by Tuukka Rask without a rebound.
3:56 of 1st period - John Tavares wins face-off versus Dominic Moore in Canadiens zone.
4:18 of 1st period - Shot by Pavel Buchnevich.
4:18 of 1st period - Stopped by Tuukka Rask without a rebound.
4:19 of 1st period - Ryan Getzlaf wins face-off versus Zack Smith in Canadiens zone.
4:20 of 1st period - Shot by Evgeny Dadonov.
4:20 of 1st period - Stopped by Tuukka Rask without a rebound.
4:21 of 1st period - Zack Smith wins face-off versus Ryan Getzlaf in Canadiens zone.
4:21 of 1st period - Zack Smith is hit by Ryan Getzlaf.
4:38 of 1st period - Evgeny Dadonov is hit by Alexander Edler.
5:23 of 1st period - Shot by John Tavares.
5:23 of 1st period - Shot Blocked by Justin Braun.
5:25 of 1st period - Shot by John Tavares.
5:25 of 1st period - Stopped by Antti Raanta without a rebound.
5:26 of 1st period - John Tavares wins face-off versus Ryan Johansen in Oilers zone.
5:46 of 1st period - Shot by Marcus Johansson.
5:46 of 1st period - Stopped by Antti Raanta without a rebound.
5:47 of 1st period - Jakob Silfverberg wins face-off versus Dominic Moore in Oilers zone.
6:08 of 1st period - Shot by Jakob Silfverberg.
6:08 of 1st period - Shot Blocked by Jacob Trouba.
6:10 of 1st period - Shot by Josh Morrissey.
6:10 of 1st period - Shot Blocked by Jacob Trouba.
6:12 of 1st period - Shot by Michael Stone.
6:12 of 1st period - Shot Blocked by Jacob Trouba.
6:16 of 1st period - Shot by Auston Matthews.
6:16 of 1st period - Shot Misses the Net.
7:06 of 1st period - Shot by Jason Zucker.
7:06 of 1st period - Deflect By Ryan Johansen.
7:06 of 1st period - Shot Blocked by John Tavares.
7:08 of 1st period - Shot by Jason Zucker.
7:08 of 1st period - Stopped by Tuukka Rask without a rebound.
7:09 of 1st period - Jean-Gabriel Pageau wins face-off versus Nick Shore in Canadiens zone.
7:10 of 1st period - Shot by Adam Lowry.
7:10 of 1st period - Stopped by Tuukka Rask with a rebound.
7:20 of 1st period - Artturi Lehkonen is hit by Jack Johnson and loses puck.
7:22 of 1st period - Minor Penalty to Justin Braun for Hooking.
7:23 of 1st period - Jean-Gabriel Pageau wins face-off versus John Tavares in Oilers zone.
7:35 of 1st period - Ivan Provorov is hit by Jean-Gabriel Pageau and loses puck.
9:27 of 1st period - Shot by Artturi Lehkonen.
9:27 of 1st period - Shot Misses the Net.
9:29 of 1st period - Shot by Nick Shore.
9:29 of 1st period - Stopped by Antti Raanta with a rebound.
9:31 of 1st period - Shot by Justin Abdelkader.
9:31 of 1st period - Shot Misses the Net.
9:33 of 1st period - Shot by Michael Stone.
9:33 of 1st period - Stopped by Antti Raanta without a rebound.
9:34 of 1st period - Zack Smith wins face-off versus Ryan Getzlaf in Oilers zone.
10:29 of 1st period - Shot by Justin Abdelkader.
10:29 of 1st period - Goal by Justin Abdelkader - Oilers : 0 - Canadiens : 1.
10:30 of 1st period - Jean-Gabriel Pageau wins face-off versus Marcus Johansson in neutral zone.
10:33 of 1st period - Shot by Adam Lowry.
10:33 of 1st period - Goal by Adam Lowry - Oilers : 1 - Canadiens : 1.
10:34 of 1st period - John Tavares wins face-off versus Ryan Johansen in neutral zone.
10:58 of 1st period - Shot by Jason Zucker.
10:58 of 1st period - Stopped by Tuukka Rask without a rebound.
10:59 of 1st period - Auston Matthews wins face-off versus Jean-Gabriel Pageau in Canadiens zone.
12:14 of 1st period - Minor Penalty to John Tavares for Tripping.
12:15 of 1st period - Ryan Johansen wins face-off versus Nick Shore in Canadiens zone.
12:37 of 1st period - Shot by Evgeny Dadonov.
12:37 of 1st period - Stopped by Tuukka Rask without a rebound.
12:38 of 1st period - Ryan Getzlaf wins face-off versus Matt Calvert in Canadiens zone.
12:54 of 1st period - Icing by Adam Lowry.
12:55 of 1st period - Nick Shore wins face-off versus Ryan Getzlaf in Oilers zone.
13:57 of 1st period - Shot by Reilly Smith.
13:57 of 1st period - Shot Misses the Net.
14:23 of 1st period - Shot by Dominic Moore.
14:23 of 1st period - Stopped by Tuukka Rask without a rebound.
14:24 of 1st period - Auston Matthews wins face-off versus Dominic Moore in Canadiens zone.
14:24 of 1st period - Auston Matthews is hit by Pavel Buchnevich.
14:30 of 1st period - Shot by Jakob Silfverberg.
14:30 of 1st period - Stopped by Antti Raanta with a rebound.
14:32 of 1st period - Shot by Josh Morrissey.
14:32 of 1st period - Stopped by Antti Raanta without a rebound.
14:33 of 1st period - John Tavares wins face-off versus Dominic Moore in Oilers zone.
14:34 of 1st period - Shot by Jordan Eberle.
14:34 of 1st period - Shot Misses the Net.
14:39 of 1st period - John Tavares is hit by Marc Methot and loses puck.
14:49 of 1st period - Pavel Buchnevich is hit by Alexander Edler and loses puck.
15:02 of 1st period - Shot by John Tavares.
15:02 of 1st period - Stopped by Antti Raanta without a rebound.
15:03 of 1st period - Ryan Johansen wins face-off versus Jakob Silfverberg in Oilers zone.
15:36 of 1st period - Ron Hainsey is hit by Jason Zucker and loses puck.
18:32 of 1st period - Shot by Reilly Smith.
18:32 of 1st period - Stopped by Tuukka Rask without a rebound.
18:33 of 1st period - Auston Matthews wins face-off versus Ryan Getzlaf in Canadiens zone.
18:38 of 1st period - Shot by Evgeny Dadonov.
18:38 of 1st period - Shot Misses the Net.
18:44 of 1st period - Shot by Matthew Nieto.
18:44 of 1st period - Stopped by Tuukka Rask without a rebound.
18:45 of 1st period - Dominic Moore wins face-off versus John Tavares in Canadiens zone.
18:46 of 1st period - Shot by Pavel Buchnevich.
18:46 of 1st period - Shot Misses the Net.
18:56 of 1st period - Shot by Jordan Eberle.
18:56 of 1st period - Shot Misses the Net.
19:00 of 1st period - Shot by John Tavares.
19:00 of 1st period - Goal by John Tavares - Oilers : 1 - Canadiens : 2.
19:01 of 1st period - Ryan Getzlaf wins face-off versus Auston Matthews in neutral zone.
19:05 of 1st period - Off-side.
19:06 of 1st period - Ryan Johansen wins face-off versus Auston Matthews in neutral zone.
19:14 of 1st period - Off-side.
19:15 of 1st period - John Tavares wins face-off versus Ryan Getzlaf in neutral zone.
19:22 of 1st period - Shot by Marcus Johansson.
19:22 of 1st period - Stopped by Antti Raanta without a rebound.
19:23 of 1st period - Auston Matthews wins face-off versus Ryan Johansen in Oilers zone.
19:32 of 1st period - Shot by Auston Matthews.
19:32 of 1st period - Stopped by Antti Raanta without a rebound.
19:33 of 1st period - Ryan Getzlaf wins face-off versus John Tavares in Oilers zone.
Goals for this period are 1 for Oilers vs 2 for Canadiens.
Shots for this period are 12 for Oilers vs 13 for Canadiens.

2nd period


0:01 of 2nd period - Ryan Johansen wins face-off versus Auston Matthews in neutral zone.
0:06 of 2nd period - Icing by Ivan Provorov.
0:07 of 2nd period - Auston Matthews wins face-off versus Ryan Johansen in Canadiens zone.
0:14 of 2nd period - Shot by Teuvo Teravainen.
0:14 of 2nd period - Stopped by Antti Raanta without a rebound.
0:15 of 2nd period - Ryan Johansen wins face-off versus Auston Matthews in Oilers zone.
0:31 of 2nd period - Icing by Teuvo Teravainen.
0:32 of 2nd period - Matthew Nieto wins face-off versus Auston Matthews in Canadiens zone.
0:33 of 2nd period - Shot by Ryan Getzlaf.
0:33 of 2nd period - Shot Misses the Net.
0:36 of 2nd period - Icing by Ivan Provorov.
0:37 of 2nd period - Auston Matthews wins face-off versus Ryan Johansen in Canadiens zone.
2:50 of 2nd period - Shot by Alexander Kerfoot.
2:50 of 2nd period - Deflect By Pavel Buchnevich.
2:50 of 2nd period - Stopped by Tuukka Rask without a rebound.
2:51 of 2nd period - Jean-Gabriel Pageau wins face-off versus Zack Smith in Canadiens zone.
2:56 of 2nd period - Shot by Adam Lowry.
2:56 of 2nd period - Shot Misses the Net.
2:59 of 2nd period - Icing by Ron Hainsey.
3:00 of 2nd period - Ryan Johansen wins face-off versus Zack Smith in Canadiens zone.
3:00 of 2nd period - Ryan Johansen is hit by Ron Hainsey.
3:06 of 2nd period - Shot by Reilly Smith.
3:06 of 2nd period - Shot Misses the Net.
3:39 of 2nd period - Shot by Ryan Johansen.
3:39 of 2nd period - Stopped by Tuukka Rask with a rebound.
4:16 of 2nd period - Minor Penalty to Ryan Getzlaf for Tripping.
4:17 of 2nd period - John Tavares wins face-off versus Jean-Gabriel Pageau in Oilers zone.
4:39 of 2nd period - Shot by John Tavares.
4:39 of 2nd period - Stopped by Antti Raanta without a rebound.
4:40 of 2nd period - Dominic Moore wins face-off versus Auston Matthews in Oilers zone.
5:09 of 2nd period - Shot by Auston Matthews.
5:09 of 2nd period - Stopped by Antti Raanta without a rebound.
5:10 of 2nd period - John Tavares wins face-off versus Jean-Gabriel Pageau in Oilers zone.
5:13 of 2nd period - Shot by John Tavares.
5:13 of 2nd period - Shot Misses the Net.
5:15 of 2nd period - Shot by Ivan Provorov.
5:15 of 2nd period - Shot Misses the Net.
5:59 of 2nd period - Ryan Johansen is hit by Teuvo Teravainen and loses puck.
6:04 of 2nd period - Shot by Auston Matthews.
6:04 of 2nd period - Stopped by Antti Raanta with a rebound.
6:06 of 2nd period - Shot by Alexander Edler.
6:06 of 2nd period - Stopped by Antti Raanta without a rebound.
6:07 of 2nd period - Auston Matthews wins face-off versus Dominic Moore in Oilers zone.
6:23 of 2nd period - Off-side.
6:24 of 2nd period - Nick Shore wins face-off versus Ryan Getzlaf in neutral zone.
6:45 of 2nd period - Shot by Evgeny Dadonov.
6:45 of 2nd period - Shot Misses the Net.
6:47 of 2nd period - Shot by Marc Methot.
6:47 of 2nd period - Stopped by Tuukka Rask with a rebound.
7:07 of 2nd period - Michael Stone is hit by Ryan Getzlaf and loses puck.
7:15 of 2nd period - Icing by Artturi Lehkonen.
7:16 of 2nd period - Jean-Gabriel Pageau wins face-off versus Nick Shore in Canadiens zone.
7:44 of 2nd period - Icing by Justin Abdelkader.
7:45 of 2nd period - Nick Shore wins face-off versus Dominic Moore in Canadiens zone.
7:45 of 2nd period - Nick Shore is hit by Pavel Buchnevich.
8:01 of 2nd period - Shot by John Tavares.
8:01 of 2nd period - Stopped by Antti Raanta without a rebound.
8:02 of 2nd period - Ryan Johansen wins face-off versus John Tavares in Oilers zone.
8:16 of 2nd period - Minor Penalty to Alexander Edler for Hooking.
8:17 of 2nd period - Ryan Getzlaf wins face-off versus Zack Smith in Canadiens zone.
9:25 of 2nd period - Shot by Reilly Smith.
9:25 of 2nd period - Stopped by Tuukka Rask without a rebound.
9:26 of 2nd period - Ryan Johansen wins face-off versus Nick Shore in Canadiens zone.
9:45 of 2nd period - Shot by Evgeny Dadonov.
9:45 of 2nd period - Stopped by Tuukka Rask without a rebound.
9:46 of 2nd period - Ryan Johansen wins face-off versus Zack Smith in Canadiens zone.
9:49 of 2nd period - Shot by Reilly Smith.
9:49 of 2nd period - Shot Blocked by Ivan Provorov.
10:40 of 2nd period - Shot by Jakob Silfverberg.
10:40 of 2nd period - Shot Misses the Net.
11:09 of 2nd period - Icing by Andreas Athanasiou.
11:10 of 2nd period - John Tavares wins face-off versus Jean-Gabriel Pageau in Oilers zone.
11:17 of 2nd period - Shot by Marcus Johansson.
11:17 of 2nd period - Stopped by Antti Raanta without a rebound.
11:18 of 2nd period - Ryan Getzlaf wins face-off versus John Tavares in Oilers zone.
11:37 of 2nd period - Shot by Marcus Johansson.
11:37 of 2nd period - Stopped by Antti Raanta without a rebound.
11:38 of 2nd period - Ryan Johansen wins face-off versus Nick Shore in Oilers zone.
11:44 of 2nd period - Justin Braun is hit by Justin Abdelkader and loses puck.
11:54 of 2nd period - Reilly Smith is hit by Alexander Edler and loses puck.
12:04 of 2nd period - Shot by Jason Zucker.
12:04 of 2nd period - Shot Misses the Net.
12:08 of 2nd period - Shot by Jason Zucker.
12:08 of 2nd period - Deflect By Ryan Johansen.
12:08 of 2nd period - Shot Misses the Net.
12:12 of 2nd period - Shot by Jason Zucker.
12:12 of 2nd period - Shot Misses the Net.
12:14 of 2nd period - Shot by Jason Zucker.
12:14 of 2nd period - Stopped by Tuukka Rask with a rebound.
12:16 of 2nd period - Shot by Jason Zucker.
12:16 of 2nd period - Stopped by Tuukka Rask without a rebound.
12:17 of 2nd period - Ryan Getzlaf wins face-off versus John Tavares in Canadiens zone.
12:20 of 2nd period - Shot by Evgeny Dadonov.
12:20 of 2nd period - Deflect By Ryan Getzlaf.
12:20 of 2nd period - Shot Misses the Net.
12:22 of 2nd period - Shot by Jacob Trouba.
12:22 of 2nd period - Shot Misses the Net.
12:41 of 2nd period - Minor Penalty to Ivan Provorov for Holding.
12:42 of 2nd period - Nick Shore wins face-off versus Ryan Getzlaf in Canadiens zone.
13:01 of 2nd period - Shot by Matt Calvert.
13:01 of 2nd period - Stopped by Antti Raanta without a rebound.
13:02 of 2nd period - Ryan Johansen wins face-off versus Nick Shore in Oilers zone.
13:20 of 2nd period - Shot by Brent Burns.
13:20 of 2nd period - Shot Misses the Net.
13:32 of 2nd period - Shot by Brent Burns.
13:32 of 2nd period - Shot Misses the Net.
13:34 of 2nd period - Shot by Jacob Trouba.
13:34 of 2nd period - Stopped by Tuukka Rask without a rebound.
13:35 of 2nd period - Zack Smith wins face-off versus Ryan Getzlaf in Canadiens zone.
13:35 of 2nd period - Zack Smith is hit by Ryan Getzlaf.
13:59 of 2nd period - Shot by Jason Zucker.
13:59 of 2nd period - Shot Misses the Net.
14:41 of 2nd period - Shot by Evgeny Dadonov.
14:41 of 2nd period - Stopped by Tuukka Rask without a rebound.
14:42 of 2nd period - Dominic Moore wins face-off versus Teuvo Teravainen in Canadiens zone.
14:45 of 2nd period - Shot by Pavel Buchnevich.
14:45 of 2nd period - Shot Misses the Net.
14:47 of 2nd period - Shot by Alexander Kerfoot.
14:47 of 2nd period - Shot Misses the Net.
14:49 of 2nd period - Shot by Pavel Buchnevich.
14:49 of 2nd period - Shot Misses the Net.
14:59 of 2nd period - Shot by Dominic Moore.
14:59 of 2nd period - Stopped by Tuukka Rask without a rebound.
15:00 of 2nd period - John Tavares wins face-off versus Ryan Getzlaf in Canadiens zone.
15:15 of 2nd period - Shot by Matthew Nieto.
15:15 of 2nd period - Shot Misses the Net.
15:34 of 2nd period - Ryan Getzlaf is hit by Ron Hainsey and loses puck.
16:05 of 2nd period - Shot by Auston Matthews.
16:05 of 2nd period - Stopped by Antti Raanta without a rebound.
16:06 of 2nd period - Nick Shore wins face-off versus Ryan Johansen in Oilers zone.
16:25 of 2nd period - Shot by Justin Abdelkader.
16:25 of 2nd period - Shot Misses the Net.
16:27 of 2nd period - Shot by Artturi Lehkonen.
16:27 of 2nd period - Shot Misses the Net.
16:29 of 2nd period - Shot by Cam Fowler.
16:29 of 2nd period - Shot Blocked by Jack Johnson.
16:57 of 2nd period - Shot by Auston Matthews.
16:57 of 2nd period - Stopped by Antti Raanta without a rebound.
16:58 of 2nd period - Auston Matthews wins face-off versus Jean-Gabriel Pageau in Oilers zone.
16:59 of 2nd period - Shot by Teuvo Teravainen.
16:59 of 2nd period - Shot Misses the Net.
17:09 of 2nd period - Shot by Jakob Silfverberg.
17:09 of 2nd period - Shot Misses the Net.
17:11 of 2nd period - Shot by Jakob Silfverberg.
17:11 of 2nd period - Stopped by Antti Raanta without a rebound.
17:12 of 2nd period - John Tavares wins face-off versus Ryan Getzlaf in Oilers zone.
17:37 of 2nd period - Evgeny Dadonov is hit by Michael Stone and loses puck.
17:50 of 2nd period - Shot by Matthew Nieto.
17:50 of 2nd period - Stopped by Tuukka Rask without a rebound.
17:51 of 2nd period - Auston Matthews wins face-off versus Jean-Gabriel Pageau in Canadiens zone.
17:58 of 2nd period - Shot by Alexander Edler.
17:58 of 2nd period - Stopped by Antti Raanta without a rebound.
17:59 of 2nd period - Auston Matthews wins face-off versus Ryan Johansen in Oilers zone.
18:12 of 2nd period - Alexander Edler is hit by Jason Zucker and loses puck.
19:07 of 2nd period - Auston Matthews is hit by Brent Burns and loses puck.
19:11 of 2nd period - Icing by Brent Burns.
19:12 of 2nd period - Jean-Gabriel Pageau wins face-off versus John Tavares in Oilers zone.
19:12 of 2nd period - Jean-Gabriel Pageau is hit by John Tavares.
Goals for this period are 0 for Oilers vs 0 for Canadiens.
Shots for this period are 11 for Oilers vs 13 for Canadiens.

3rd period


0:01 of 3rd period - Ryan Johansen wins face-off versus Auston Matthews in neutral zone.
0:01 of 3rd period - Ryan Johansen is hit by Jakob Silfverberg.
0:17 of 3rd period - Shot by Teuvo Teravainen.
0:17 of 3rd period - Shot Misses the Net.
0:19 of 3rd period - Shot by Jakob Silfverberg.
0:19 of 3rd period - Goal by Jakob Silfverberg - Oilers : 1 - Canadiens : 3.
0:20 of 3rd period - Dominic Moore wins face-off versus John Tavares in neutral zone.
0:25 of 3rd period - Shot by Alexander Kerfoot.
0:25 of 3rd period - Stopped by Tuukka Rask without a rebound.
0:26 of 3rd period - Dominic Moore wins face-off versus John Tavares in Canadiens zone.
0:45 of 3rd period - Shot by Alexander Kerfoot.
0:45 of 3rd period - Stopped by Tuukka Rask without a rebound.
0:46 of 3rd period - Ryan Johansen wins face-off versus Auston Matthews in Canadiens zone.
0:55 of 3rd period - Shot by Jason Zucker.
0:55 of 3rd period - Shot Misses the Net.
0:57 of 3rd period - Shot by Brent Burns.
0:57 of 3rd period - Shot Blocked by Ivan Provorov.
0:59 of 3rd period - Shot by Jacob Trouba.
0:59 of 3rd period - Shot Blocked by Jakob Silfverberg.
1:05 of 3rd period - Shot by Reilly Smith.
1:05 of 3rd period - Stopped by Tuukka Rask without a rebound.
1:06 of 3rd period - John Tavares wins face-off versus Ryan Getzlaf in Canadiens zone.
1:12 of 3rd period - Evgeny Dadonov is hit by Alexander Edler and loses puck.
1:15 of 3rd period - Shot by Matthew Nieto.
1:15 of 3rd period - Shot Blocked by Alexander Edler.
1:39 of 3rd period - Shot by Matthew Nieto.
1:39 of 3rd period - Deflect By Evgeny Dadonov.
1:39 of 3rd period - Shot Blocked by John Tavares.
2:02 of 3rd period - Icing by Reilly Smith.
2:03 of 3rd period - Auston Matthews wins face-off versus Ryan Johansen in Oilers zone.
3:00 of 3rd period - Shot by Artturi Lehkonen.
3:00 of 3rd period - Stopped by Antti Raanta without a rebound.
3:01 of 3rd period - Zack Smith wins face-off versus Dominic Moore in Oilers zone.
3:01 of 3rd period - Zack Smith is hit by Brent Burns.
3:07 of 3rd period - Shot by Matt Calvert.
3:07 of 3rd period - Stopped by Antti Raanta without a rebound.
3:08 of 3rd period - Jean-Gabriel Pageau wins face-off versus Nick Shore in Oilers zone.
3:40 of 3rd period - Minor Penalty to Justin Abdelkader for Holding.
3:41 of 3rd period - Evgeny Dadonov wins face-off versus Nick Shore in Canadiens zone.
3:46 of 3rd period - Shot by Justin Braun.
3:46 of 3rd period - Stopped by Tuukka Rask without a rebound.
3:47 of 3rd period - Ryan Getzlaf wins face-off versus Brian Gibbons in Canadiens zone.
5:57 of 3rd period - Icing by Jordan Eberle.
5:58 of 3rd period - Jean-Gabriel Pageau wins face-off versus Marcus Johansson in Canadiens zone.
6:03 of 3rd period - Shot by Adam Lowry.
6:03 of 3rd period - Stopped by Tuukka Rask without a rebound.
6:04 of 3rd period - Auston Matthews wins face-off versus Dominic Moore in Canadiens zone.
6:37 of 3rd period - Shot by Auston Matthews.
6:37 of 3rd period - Shot Misses the Net.
6:44 of 3rd period - Pavel Buchnevich is hit by Jakob Silfverberg and loses puck.
7:51 of 3rd period - Icing by Cam Fowler.
7:52 of 3rd period - Jean-Gabriel Pageau wins face-off versus John Tavares in Canadiens zone.
7:59 of 3rd period - Shot by Andreas Athanasiou.
7:59 of 3rd period - Shot Misses the Net.
8:09 of 3rd period - Shot by Andreas Athanasiou.
8:09 of 3rd period - Shot Misses the Net.
8:11 of 3rd period - Shot by Marc Methot.
8:11 of 3rd period - Shot Misses the Net.
8:13 of 3rd period - Shot by Adam Lowry.
8:13 of 3rd period - Stopped by Tuukka Rask with a rebound.
8:20 of 3rd period - Shot by Jean-Gabriel Pageau.
8:20 of 3rd period - Stopped by Tuukka Rask without a rebound.
8:21 of 3rd period - Nick Shore wins face-off versus Ryan Johansen in Canadiens zone.
8:42 of 3rd period - Icing by Nick Shore.
8:43 of 3rd period - Nick Shore wins face-off versus Matthew Nieto in Canadiens zone.
8:47 of 3rd period - Josh Morrissey is hit by Jack Johnson and loses puck.
9:16 of 3rd period - Off-side.
9:17 of 3rd period - Ryan Johansen wins face-off versus John Tavares in neutral zone.
9:39 of 3rd period - Shot by Marcus Johansson.
9:39 of 3rd period - Stopped by Antti Raanta without a rebound.
9:40 of 3rd period - Jean-Gabriel Pageau wins face-off versus Jakob Silfverberg in Oilers zone.
10:45 of 3rd period - Matthew Nieto is hit by Jordan Eberle and loses puck.
11:27 of 3rd period - Icing by Matthew Nieto.
11:28 of 3rd period - Evgeny Dadonov wins face-off versus Nick Shore in Oilers zone.
11:32 of 3rd period - Icing by Ryan Getzlaf.
11:33 of 3rd period - Zack Smith wins face-off versus Ryan Getzlaf in Oilers zone.
12:29 of 3rd period - Shot by Ryan Johansen.
12:29 of 3rd period - Deflect By Jason Zucker.
12:29 of 3rd period - Goal by Jason Zucker - Oilers : 2 - Canadiens : 3.
12:30 of 3rd period - Auston Matthews wins face-off versus Dominic Moore in neutral zone.
13:25 of 3rd period - Icing by Michael Stone.
13:26 of 3rd period - Ryan Johansen wins face-off versus John Tavares in Canadiens zone.
13:49 of 3rd period - Shot by John Tavares.
13:49 of 3rd period - Shot Misses the Net.
13:51 of 3rd period - Shot by John Tavares.
13:51 of 3rd period - Shot Misses the Net.
14:24 of 3rd period - Cam Fowler is hit by Jack Johnson and loses puck.
14:39 of 3rd period - Shot by Artturi Lehkonen.
14:39 of 3rd period - Stopped by Antti Raanta with a rebound.
14:41 of 3rd period - Shot by Cam Fowler.
14:41 of 3rd period - Shot Blocked by Jack Johnson.
14:43 of 3rd period - Shot by Artturi Lehkonen.
14:43 of 3rd period - Goal by Artturi Lehkonen - Oilers : 2 - Canadiens : 4.
14:44 of 3rd period - Jean-Gabriel Pageau wins face-off versus Auston Matthews in neutral zone.
15:14 of 3rd period - Icing by Mark Pysyk.
15:15 of 3rd period - Jean-Gabriel Pageau wins face-off versus John Tavares in Oilers zone.
15:49 of 3rd period - Off-side.
15:50 of 3rd period - Auston Matthews wins face-off versus Ryan Johansen in neutral zone.
15:56 of 3rd period - Teuvo Teravainen is hit by Brent Burns and loses puck.
17:01 of 3rd period - Shot by Dominic Moore.
17:01 of 3rd period - Shot Misses the Net.
17:29 of 3rd period - Shot by Nick Shore.
17:29 of 3rd period - Shot Misses the Net.
17:31 of 3rd period - Shot by Artturi Lehkonen.
17:31 of 3rd period - Stopped by Antti Raanta with a rebound.
17:44 of 3rd period - Minor Penalty to Josh Morrissey for Roughing.
17:45 of 3rd period - Ryan Getzlaf wins face-off versus Zack Smith in Canadiens zone.
19:55 of 3rd period - Shot by Pavel Buchnevich.
19:55 of 3rd period - Shot Misses the Net.
19:57 of 3rd period - Shot by Dominic Moore.
19:57 of 3rd period - Stopped by Tuukka Rask without a rebound.
19:58 of 3rd period - Auston Matthews wins face-off versus Ryan Getzlaf in Canadiens zone.
Goals for this period are 1 for Oilers vs 2 for Canadiens.
Shots for this period are 9 for Oilers vs 7 for Canadiens.